 Dungeon Crawl Stone Soup version 0.28-a0-1241-gf280a0fbb2 (webtiles) character file.

Game seed: 1351971228900866179

9013 GordonOverkill the Severer (level 11, -8/76 (86) HPs)
             Began as a Minotaur Cinder Acolyte on Dec 26, 2021.
             Was a High Priest of Ignis.
             Mangled by a spectral orc knight (9 damage)
             ... summoned by Nergalle
             ... on level 11 of the Dungeon.
             The game lasted 00:37:16 (19464 turns).

GordonOverkill the Severer (MiCA)                  Turns: 19464, Time: 00:37:17

HP:   -8/76 (86)    AC: 19    Str: 24    XL:     11   Next: 17%
MP:   11/11         EV:  8    Int: 11    God:    Ignis [*****.]
Gold: 467           SH:  0    Dex:  5    Spells: 12/12 levels left

rFire   + . .      SeeInvis .   a - +7 hand axe "Woguxzuz" {flame, rElec rC+ Will+}
rCold   + . .      Faith    .   (no shield)
rNeg    . . .      Spirit   .   q - +0 chain mail
rPois   .          Reflect  .   (helmet restricted)
rElec   +          Harm     .   (no cloak)
rCorr   .          Rampage  .   x - +1 pair of gloves
Will    ++...                   (no boots)
Stlth   ..........              e - amulet of magic regeneration
HPRegen 0.22/turn               b - ring of willpower
MPRegen 0.52/turn               r - ring of flight

@: lethally poisoned (-8 -> -26), fiery-armoured, flying, heavily drained
A: horns 2, retaliatory headbutt
a: Renounce Religion, Fiery Armour, Foxfire Swarm, Rising Flame


You were on level 11 of the Dungeon.
You worshipped Ignis.
Ignis was extremely pleased with you.
You visited 1 branch of the dungeon, and saw 11 of its levels.

You collected 467 gold pieces.

Inventory:

Hand Weapons
 a - the +7 hand axe "Woguxzuz" (weapon) {flame, rElec rC+ Will+}
   (You found it on level 9 of the Dungeon)

   It burns those it strikes, dealing additional fire damage.
   Big, fiery blades are also staple armaments of hydra-hunters.
   rC:        It protects you from cold.
   rElec:     It insulates you from electricity.
   Will:      It increases your willpower.
 f - a +0 dagger
Missiles
 i - a boomerang (quivered)
 p - 4 throwing nets
Armour
 q - a +0 chain mail (worn)
 x - a +1 pair of gloves (worn)
Jewellery
 b - a ring of willpower (left hand)
 e - an amulet of magic regeneration (around neck)
 r - a ring of flight (right hand)
Scrolls
 d - a scroll of brand weapon {unknown}
 h - a scroll of immolation
 j - 4 scrolls of teleportation
 l - a scroll of fear
 m - 2 scrolls of enchant weapon
 s - a scroll of magic mapping
 z - a scroll of torment {unknown}
Potions
 c - a potion of mutation
 g - 3 potions of cancellation
 k - a potion of lignification
 n - a potion of haste
 o - a potion of invisibility
 v - a potion of flight


   Skills:
 - Level 5.0 Fighting
 + Level 17.2 Axes
 - Level 5.0 Throwing
 - Level 5.0 Armour
 - Level 3.0 Dodging
 - Level 1.0 Spellcasting
 - Level 2.1 Fire Magic
 - Level 5.0 Evocations


You had 12 spell levels left.
You didn't know any spells.
Your spell library contained the following spells:

 Spells                   Type           Power      Damage    Failure   Level
 Scorch                   Fire           10%        2d6       80%         2
 Freeze                   Ice            0%         1d3       91%         1
 Shock                    Conj/Air       0%         1d3       91%         1
 Summon Small Mammal      Summ           0%         N/A       91%         1
 Blink                    Tloc           0%         N/A       97%         2
 Passwall                 Tmut/Erth      0%         N/A       97%         2
 Call Canine Familiar     Summ           0%         N/A       100%        3
 Frozen Ramparts          Ice            0%         1d2       100%        3
 Lesser Beckoning         Tloc           0%         N/A       100%        3
 Summon Guardian Golem    Hex/Summ       0%         N/A       100%        3
 Swiftness                Air            0%         N/A       100%        3
 Airstrike                Air            0%         N/A       100%        4
 Fulminant Prism          Conj/Hex       0%         3d6       100%        4
 Ice Form                 Ice/Tmut       0%         N/A       100%        4
 Iskenderun's Mystic Bla  Conj/Tloc      0%         2d3       100%        4
 Summon Ice Beast         Ice/Summ       0%         N/A       100%        4
 Lee's Rapid Deconstruct  Erth           0%         3d5*      100%        5
 Manifold Assault         Tloc           0%         N/A       100%        5


Dungeon Overview and Level Annotations

Branches:
Dungeon (11/15)            Temple (0/1) D:7            Lair (0/6) D:10
    Orc (0/2) D:9

Altars:
Dithmenos
Fedhas
Kikubaaqudgha
Sif Muna
Wu Jian
Yredelemnul

Shops:
D:8 *

Annotations:
D:4 3 runed translucent doors, bezhaha's ghost, novice OpWz
D:7 3 runed translucent doors, Mageowned's ghost, novice MiBe; sdkvhb's ghost, novice SpEn
D:10 5 runed translucent doors
D:11 2 runed translucent doors, Josephine; Lavandula's ghost, journeyman FoTm; Nergalle


Innate Abilities, Weirdness & Mutations

You have a pair of horns on your head.
You reflexively headbutt those who attack you in melee.


Message History

The spectral orc knight barely misses you.
You closely miss Nergalle.
Nergalle is severely wounded.
You hit the spectral orc knight but do no damage. x2
You feel sick.
The spectral orc knight hits you with a +1 great sword!
* * * LOW HITPOINT WARNING * * *
You feel drained. Nergalle hits you but does no damage.
You are more poisoned.
The spectral orc warrior hits you but does no damage.
You closely miss Nergalle.
Nergalle is severely wounded.
You hit the spectral orc knight. You burn the spectral orc knight.
You barely miss the spectral orc knight.
You feel sick.
The spectral orc knight barely misses you.
The spectral orc warrior hits you from afar with a +0 trident!
* * * LOW HITPOINT WARNING * * *
You feel drained.
* * * LOW HITPOINT WARNING * * *
You hit Nergalle. You burn Nergalle.
Nergalle is almost dead.
You hit the spectral orc knight but do no damage.
You hit the boulder beetle but do no damage.
You feel sick.
Nergalle hits you with a +4 dagger of venom.
* * * LOW HITPOINT WARNING * * *
You are more poisoned.
Nergalle is burned by your cloak of flames.
Nergalle is almost dead.
You barely miss Nergalle.
Nergalle is almost dead.
Your chain mail prevents you from hitting the boulder beetle.
You hit the spectral orc knight but do no damage.
You feel very sick.
The spectral orc warrior hits you but does no damage.
The spectral orc knight hits you with a +0 great mace!!
* * * LOW HITPOINT WARNING * * *
You feel drained.
You die...

..##### ##............ #......##
#............. ##......###
##............. #.....?...##
#.............. ...........##
#.............. ............##
##.............. .............##
##...............
..............###Z..............#
..............##@#......?......##
(.......>.....ZoB##...........##
#.............Z.##########....#
..............## $.....###.##
.............# ##..♣HT.+.#
............# #8..zL♣.#.#
!..........# L..p#####.#
..>.......# #8.##.....#
.......... ...#..⌠.###


You could see a boulder beetle, Nergalle, a spectral orc warrior (summoned,
fast) and 2 spectral orc knights.

Vanquished Creatures
  An ogre mage (D:10)
  Erica (D:8)
  An unseen horror (D:10)
  A komodo dragon (D:10)
  2 trolls
  Prince Ribbit (D:6)
  Sigmund (D:5)
  A shadow (D:10)
  3 wraiths
  A wyvern (D:8)
  6 yaks
  A steam dragon (D:8)
  3 vampire mosquitoes (D:11)
  Edmund (D:6)
  An acid dragon (D:9)
  A water moccasin (D:8)
  Duvessa (D:5)
  An orc warrior (D:9)
  A black bear (D:5)
  3 ice beasts
  2 necrophages
  A sky beast (D:7)
  5 centaurs
  2 kobold brigands
  A phantom (D:4)
  2 gnoll sergeants (D:10)
  2 bullfrogs
  3 scorpions
  A wyvern skeleton (D:7)
  Dowan (D:5)
  22 killer bees
  5 howler monkeys
  2 centaur zombies (D:6)
  3 jellies
  2 orc priests
  2 hounds
  A bullfrog skeleton (D:7)
  2 centaur skeletons
  2 gnoll shamans
  3 iguanas
  5 orc wizards
  A killer bee zombie (D:9)
  A hound zombie (D:5)
  A howler monkey skeleton (D:4)
  3 adders
  20 gnolls
  A white imp (D:6)
  An ufetubus (D:7)
  2 worms
  18 orcs
  9 endoplasms
  2 giant cockroaches
  11 goblins
  12 hobgoblins
  7 jackals
  6 quokkas
  7 ball pythons
  5 bats
  4 frilled lizards
  18 kobolds
  11 rats
241 creatures vanquished.

Vanquished Creatures (others)
  2 fungi (D:4)
  9 plants
11 creatures vanquished.

Grand Total: 252 creatures vanquished

Notes
Turn   | Place    | Note
-------+----------+-------------------------------------------
     0 | D:1      | GordonOverkill the Minotaur Cinder Acolyte began the quest
                  | for the Orb.
     0 | D:1      | Reached XP level 1. HP: 19/19 MP: 1/1
   253 | D:1      | Reached skill level 4 in Axes
   339 | D:1      | Reached XP level 2. HP: 26/26 MP: 2/2
   615 | D:1      | Reached skill level 5 in Axes
   770 | D:1      | Reached XP level 3. HP: 31/31 MP: 3/3
  2191 | D:2      | Reached XP level 4. HP: 39/39 MP: 4/4
  2544 | D:3      | Reached skill level 6 in Axes
  2902 | D:3      | HP: 2/40 [orc (7)]
  3216 | D:2      | Reached skill level 1 in Armour
  3416 | D:3      | Reached skill level 1 in Dodging
  3641 | D:3      | You fall into a shaft and drop 1 floor!
  3765 | D:4      | Reached XP level 5. HP: 44/46 MP: 5/5
  3799 | D:4      | Reached skill level 1 in Throwing
  3838 | D:4      | Found a runed translucent gate.
  3838 | D:4      | Found a runed translucent gate.
  3838 | D:4      | Found a runed translucent gate.
  3839 | D:4      | Noticed bezhaha's ghost (novice OpWz)
  4114 | D:4      | Noticed a necrophage
  4176 | D:4      | Killed a necrophage
  4177 | D:4      | Reached XP level 6. HP: 43/53 MP: 6/6
  5659 | D:5      | Entered Level 5 of the Dungeon
  5811 | D:5      | Noticed Duvessa
  5811 | D:5      | Noticed Dowan
  5812 | D:5      | Noticed Sigmund
  5995 | D:4      | Reached skill level 1 in Evocations
  6516 | D:5      | Killed Duvessa
  6517 | D:5      | Reached skill level 7 in Axes
  6517 | D:5      | Reached XP level 7. HP: 23/60 MP: 7/7
  6716 | D:5      | Killed Dowan
  6717 | D:5      | Reached skill level 5 in Fighting
  6958 | D:5      | Killed Sigmund
  7186 | D:6      | Noticed Edmund
  7194 | D:6      | Killed Edmund
  7195 | D:6      | Reached XP level 8. HP: 68/68 MP: 8/8
  7304 | D:6      | Reached skill level 8 in Axes
  7837 | D:6      | Reached skill level 5 in Throwing
  8007 | D:6      | Found a shadowy altar of Dithmenos.
  8015 | D:6      | Reached skill level 9 in Axes
  8019 | D:6      | Noticed Prince Ribbit
  8028 | D:6      | Killed Prince Ribbit
  8339 | D:6      | Reached skill level 5 in Evocations
  8339 | D:6      | Reached XP level 9. HP: 50/74 MP: 9/9
  8496 | D:6      | Found a shimmering blue altar of Sif Muna.
  8523 | D:6      | Got Sif Muna's Catalogue of Cold
  8609 | D:7      | Found an ornate altar of the Wu Jian Council.
  8609 | D:7      | Found a blossoming altar of Fedhas.
  8694 | D:7      | Found a basalt altar of Yredelemnul.
  8695 | D:7      | Found an ancient bone altar of Kikubaaqudgha.
  8856 | D:7      | Found a staircase to the Ecumenical Temple.
  8861 | D:7      | Reached skill level 10 in Axes
  9306 | D:7      | Reached skill level 5 in Armour
  9418 | D:7      | Noticed a troll
  9447 | D:7      | Killed a troll
  9448 | D:7      | Reached skill level 11 in Axes
  9517 | D:7      | Found a runed translucent gate.
  9517 | D:7      | Found a runed translucent gate.
  9517 | D:7      | Found a runed translucent gate.
  9519 | D:7      | Noticed Mageowned's ghost (novice MiBe)
  9522 | D:7      | Noticed sdkvhb's ghost (novice SpEn)
 10007 | D:8      | Noticed Erica
 10023 | D:8      | Killed Erica
 10024 | D:8      | Reached skill level 12 in Axes
 10380 | D:8      | Reached skill level 13 in Axes
 10380 | D:8      | Reached XP level 10. HP: 66/81 MP: 10/10
 10548 | D:8      | Found Ruiciod's Serpentskin Sales.
 11002 | D:8      | Found Ruiciod's Serpentskin Sales.
 11934 | D:8      | Found Ruiciod's Serpentskin Sales.
 12459 | D:8      | Found Ruiciod's Serpentskin Sales.
 12882 | D:8      | Reached skill level 14 in Axes
 13605 | D:9      | Found a staircase to the Orcish Mines.
 14711 | D:9      | Reached skill level 15 in Axes
 15533 | D:9      | Found a staircase to the Orcish Mines.
 16126 | D:9      | Identified the +7 hand axe "Woguxzuz" {flame, rElec rC+
                  | Will+}
 16139 | D:10     | Entered Level 10 of the Dungeon
 16146 | D:10     | Noticed an ogre mage
 16154 | D:10     | Killed an ogre mage
 16155 | D:10     | Reached skill level 16 in Axes
 16448 | D:10     | Found the +9 staff of Olgreb {rPois∞}
 16525 | D:10     | Found a runed translucent door.
 16526 | D:10     | Noticed a black mamba
 16526 | D:10     | Noticed a wolf spider
 16528 | D:10     | Found a runed translucent gate.
 16528 | D:10     | Found a runed translucent gate.
 16528 | D:10     | Noticed a black mamba
 16548 | D:10     | Found a runed translucent gate.
 16549 | D:10     | Found a staircase to the Lair.
 16550 | D:10     | Noticed a wolf spider
 16550 | D:10     | Noticed a wolf spider
 16559 | D:10     | Found a runed translucent door.
 18198 | D:11     | Reached XP level 11. HP: 86/86 MP: 11/11
 18239 | D:11     | Noticed Josephine
 18624 | D:11     | Found a runed translucent door.
 18625 | D:11     | Noticed a skeletal warrior
 18631 | D:11     | Noticed a deep troll
 18631 | D:11     | Noticed a stone giant
 18632 | D:11     | Noticed a skeletal warrior
 18632 | D:11     | Noticed a skeletal warrior
 18636 | D:11     | Noticed Lavandula's ghost (journeyman FoTm)
 18636 | D:11     | Noticed a necromancer
 18638 | D:11     | Noticed a lich
 18639 | D:11     | Found a runed translucent door.
 18640 | D:11     | Noticed a boulder beetle
 18686 | D:11     | Reached skill level 17 in Axes
 19437 | D:11     | Noticed Nergalle
 19464 | D:11     | HP: 1/80 [spectral orc knight[Nergalle] (27)]
 19464 | D:11     | Mangled by a spectral orc knight

Illustrated notes

Levels and vault maps discovered:
D:1:      dpeg_arrival_circle_labyrinth_c, layout_basic, minmay_close_crescents
D:2:      layout_rooms, minmay_tree_intersection, kennysheep_boxes
D:3:      layout_loops_ring
D:4:      layout_cave_pools, gammafunk_ghost_nasty_kobolds, patterned_corridor
D:5:      layout_rooms, uniq_sigmund, uniq_duvessa
D:6:      layout_rooms, led_sif_book, grunt_dithmenos_smoke_and_mirrors,
          hangedman_abyss_or_decor_lesser_grid, chequers_serial_rivers_marsh,
          minmay_misc_feat_cross, minmay_misc_feat_roman, uniq_prince_ribbit1,
          uniq_edmund
D:7:      layout_loops_ring, grunt_temple_overflow_open,
          minmay_temple_entry_fiery, gammafunk_ghost_cemetery
D:8:      layout_rooms, guppyfry_shop_venom, uniq_erica
D:9:      layout_stronghold, orc_0_dummy
D:10:     minmay_diamond_stairs, layout_loops_corners, lair_entry_dummy,
          minmay_guarded_unrand_staff_of_olgreb
D:11:     layout_cave_pods, muffindrake_ghost_dual_entry, nicolae_water_bricks,
          nicolae_transmutations_shop, fountainhead, fiery_altar_vehumet,
          uniq_josephine, uniq_nergalle

Skill      XL: |  1  2  3  4  5  6  7  8  9 10 11 |
---------------+----------------------------------+-----
Axes           | 4 5 6 7 9 13 16 17 | 17.2
Armour         | 1 2 3 5 |  5.0
Dodging        | 1 2 3 |  3.0
Throwing       | 1 2 3 5 |  5.0
Fighting       | 4 5 |  5.0
Evocations     | 1 2 5 |  5.0
Spellcasting   | |  1.0
Fire Magic     | |  2.1

Action                   |  1- 3 |  4- 6 |  7- 9 | 10-12 || total
-------------------------+-------+-------+-------+-------++-------
Melee: Hand axe          |   124 |   165 |   225 |   364 ||   878
       Headbutt          |    11 |    24 |    36 |    52 ||   123
Throw: Boomerang         |       |     7 |    28 |    25 ||    60
       Dart              |       |       |       |     1 ||     1
Invok: Fiery Armour      |       |       |       |     2 ||     2
Evoke: Wand              |       |     3 |    12 |    14 ||    29
  Use: Scroll            |     1 |     8 |     3 |    10 ||    22
       Potion            |       |     1 |       |    10 ||    11
 Stab: Paralysed         |       |       |       |     4 ||     4
       Invisible         |       |       |       |     3 ||     3
Armor: Robe              |     4 |       |       |       ||     4
       Leather armour    |    23 |     1 |       |       ||    24
       Ring mail         |       |    15 |       |       ||    15
       Chain mail        |       |    53 |   129 |   208 ||   390
Dodge: Dodged            |    58 |    57 |   110 |   164 ||   389

Table legend: (Time is in decaauts)
 A = Elapsed time spent in this place.
 B = Non-inter-level travel time spent in this place.
 C = Inter-level travel time spent in this place.
 D = Time resting spent in this place.
 E = Time spent auto-exploring this place.
 F = Levels seen in this place.
 G = Mean time per level.
                   A        B        C        D        E       F      G
               +--------+--------+--------+--------+--------+-----+--------+
         Total |  19317 |  18650 |    667 |   7489 |   7916 |  11 | 1756.1 |
       Dungeon |  19317 |  18650 |    667 |   7489 |   7916 |  11 | 1756.1 |
               +--------+--------+--------+--------+--------+-----+--------+

Top non-repeatable levels by time:
     D:8: 3391 daAuts
    D:10: 2876 daAuts
     D:9: 2615 daAuts
     D:3: 1755 daAuts
     D:1: 1675 daAuts
     D:5: 1498 daAuts
     D:7: 1417 daAuts
     D:4: 1351 daAuts
     D:2: 1333 daAuts
     D:6: 1124 daAuts
    D:11: 278 daAuts
